 Dungeon Crawl Stone Soup version 0.21-a0-633-g4c047d5 (webtiles) character file.

10 Alarkh the Charmwright (level 2, 19/22 HPs)
             Began as a Demonspawn Skald on Dec 28, 2017.
             Got out of the dungeon alive.
             The game lasted 00:01:20 (224 turns).

Alarkh the Charmwright (Demonspawn Skald)            Turns: 224, Time: 00:01:21

Health: 19/22      AC:  3    Str: 11    XL:     2   Next: 10%
Magic:  5/5        EV: 12    Int: 14    God:
Gold:   3          SH:  4    Dex: 12    Spells: 4/5 levels left

rFire    . . .     SeeInvis .   a - +0 falchion
rCold    + . .     Gourm    .   (no shield)
rNeg     . . .     Faith    .   b - +0 leather armour
rPois    .         Spirit   .   (no helmet)
rElec    .         Reflect  .   (no cloak)
rCorr    .         Harm     .   (no gloves)
MR       .....                  (no boots)
Stlth    +.........             (no amulet)
HPRegen  0.07/turn              h - ring of protection from cold
MPRegen  0.09/turn              (no ring)

@: no status effects
A: large bone plates 1
a: no special abilities


You escaped.
You were not hungry.

You visited 1 branch of the dungeon, and saw 1 of its levels.

You collected 3 gold pieces.

Inventory:

Hand Weapons
 a - a +0 falchion (weapon)
Armour
 b - a +0 leather armour (worn)
Jewellery
 h - a ring of protection from cold (left hand)
Scrolls
 e - a scroll of remove curse {unknown}
 f - a scroll of identify {unknown}
Books
 c - a book of Battle

   Spells                             Type                      Level
   a - Infusion                       Charms                       1
   b - Shroud of Golubria             Charms/Translocation         2
   c - Song of Slaying                Charms                       2
   d - Spectral Weapon                Hexes/Charms                 3
   e - Regeneration                   Charms/Necromancy            3
Comestibles
 d - a ration
 g - a chunk of flesh


   Skills:
 - Level 2.0 Fighting
 + Level 2.2 Long Blades
 - Level 1.1 Armour
 - Level 1.8 Dodging
 - Level 2.0 Spellcasting
 - Level 2.9 Charms


You had 4 spell levels left.
You knew the following spells:

 Your Spells              Type           Power        Failure   Level  Hunger
a - Infusion              Chrm           #...         10%         1    ##.....


Dungeon Overview and Level Annotations

Branches:
Dungeon (1/15)

Altars:


Innate Abilities, Weirdness & Mutations

You are partially covered in large bone plates. (SH +4)


Message History

The bat closely misses you.
You riposte.
You barely miss the bat. The bat hits you. The bat closely misses you.
You riposte.
You closely miss the bat.
Your magical infusion is running out.
The bat hits you. The bat closely misses you. The bat hits you.
The bat hits you but does no damage. The bat hits you but does no damage.
The bat hits you but does no damage. The bat closely misses you.
You completely miss the bat.
You are no longer magically infusing your attacks.
The bat misses you.
You riposte.
You miss the bat. The bat hits you.
You miss the bat. The bat hits you but does no damage.
You hit the bat.
You kill the bat!
No target in view!
There is a staircase leading out of the dungeon here.
Are you sure you want to leave the Dungeon?
This will make you lose the game!
You have escaped!

#### #..## #.#.#### ###(
##.##...### ##...#
#..####...###..[# ..
#.######.......# ..
#......###.@.### .# ####
#.#...##.......## .#
...###.#.###...###...### .#
##..##.###...#######...##.#
.......##.####...######.#.#
##.#.....## ...#...#####..#
#.#........#........#....#
##.##.#######..........####
...##.. #........###


There were no monsters in sight!

Vanquished Creatures
  A hobgoblin (D:1)
  5 bats (D:1)
  A kobold (D:1)
  4 rats (D:1)
11 creatures vanquished.

Notes
Turn   | Place    | Note
-------+----------+-------------------------------------------
     0 | D:1      | Alarkh the Demonspawn Skald began the quest for the Orb.
     0 | D:1      | Reached XP level 1. HP: 16/16 MP: 3/3
   115 | D:1      | Reached skill level 1 in Armour
   177 | D:1      | Gained mutation: You are partially covered in large bone plates. (SH +4) [demonic ancestry]
   177 | D:1      | Reached XP level 2. HP: 22/22 MP: 5/5
   224 | D:$      | Got out of the dungeon alive.

Vault maps used:
D:1:      dpeg_arrival_simpleton_a, dk_noncrumbling_3,
          roderic_cross_of_infinity, minmay_pentomino_t2

Skill      XL: |  1 |
---------------+----+-----
Armour         | 1 |  1.1
Long Blades    | 2 |  2.2
Fighting       | |  2.0
Dodging        | |  1.8
Spellcasting   | |  2.0
Charms         | |  2.9

Action                   || total
-------------------------++-------
Melee: Falchion          ||    26
 Cast: Infusion          ||     1
Armor: Leather armour    ||    18
Dodge: Dodged            ||    28
Block: Other             ||     3
       Rpst.: Falchion   ||    10

Table legend:
 A = Spawn XP
 B = Non-spawn XP
 C = Spawn XP percentage of total XP
 D = Spawn monster count
 E = Non-spawn monster count
 F = Spawn count percentage of total count
 G = Total turns spent on level
                    A         B        C        D         E        F      G
               +---------+---------+-------+---------+---------+-------+---------
         Total |       0 |      15 |   0.0 |       0 |      11 |   0.0 |   224
               +---------+---------+-------+---------+---------+-------+---------
           D:1 |       0 |      15 |   0.0 |       0 |      11 |   0.0 |   224
               +---------+---------+-------+---------+---------+-------+---------
